 Dungeon Crawl Stone Soup version 0.30-a0-360-g447f08457e (webtiles) character file.

Game seed: 15981536144726999382

6764 Nuhine the Blocker (level 10, -7/91 HPs)
             Began as a Minotaur Fighter on Nov 13, 2022.
             Shot with an arrow by Nessos (18 damage)
             ... on level 12 of the Dungeon.
             The game lasted 00:15:12 (9200 turns).

Nuhine the Blocker (Minotaur Fighter)               Turns: 9200, Time: 00:15:12

Health: -7/91      AC: 17    Str: 31    XL:     10   Next: 75%
Magic:  3/3        EV: 12    Int:  5    God:
Gold:   858        SH:  6    Dex: 10    Spells: 9/9 levels left

rFire   . . .      SeeInvis .    y - +2 war axe (antimagic)
rCold   . . .      Faith    .    c - +0 buckler
rNeg    + + .      Spirit   .    b - +1 scale mail
rPois   .          Reflect  .    A - +1 hat
rElec   .          Harm     .    n - +1 cloak
rCorr   .          Rampage  .    r - +1 pair of gloves
Will    .....                    v - +1 pair of boots of the Black Moon {rN++}
Stlth   ..........               (no amulet)
HPRegen 0.35/turn                j - +6 ring of strength
MPRegen 0.08/turn                (no ring)

@: no status effects
A: horns 2, retaliatory headbutt
a: no special abilities


You were on level 12 of the Dungeon.
You visited 2 branches of the dungeon, and saw 11 of its levels.
You also visited: Sewer.

You collected 1198 gold pieces.
You spent 340 gold pieces at shops.

Inventory:

Hand Weapons
 a - a +0 war axe
 y - a +2 antimagic war axe (weapon)
Missiles
 m - a throwing net (quivered)
Armour
 b - a +1 scale mail (worn)
 c - a +0 buckler (worn)
 n - a +1 cloak (worn)
 q - the +3 chain mail of Loss {+Inv rN+++ Will+ Int-4}
   (You found it on level 6 of the Dungeon)

   Int:       It affects your intelligence (-4).
   rN:        It renders you almost immune to negative energy.
   +Inv:      It lets you turn invisible.
   Will:      It increases your willpower.
 r - a +1 pair of gloves (worn)
 v - the +1 pair of boots of the Black Moon (worn) {rN++}
   (You found it on level 7 of the Dungeon)

   rN:        It greatly protects you from negative energy.
 A - a +1 hat (worn)
Jewellery
 j - a +6 ring of strength (left hand)
Wands
 k - a wand of polymorph (10)
 o - a wand of digging (9)
 w - a wand of iceblast (7)
 x - a wand of flame (19)
Scrolls
 p - 2 scrolls of fog
 u - 4 scrolls of teleportation
 z - a scroll of identify
Potions
 d - 3 potions of might
 e - 3 potions of haste
 f - 5 potions of resistance
 g - 2 potions of curing
 h - a potion of flight
 i - a potion of brilliance
 l - 2 potions of berserk rage
 s - a potion of heal wounds
 t - a potion of invisibility


   Skills:
 + Level 9.6 Fighting
 + Level 9.2 Axes
 + Level 9.6 Armour
 + Level 8.0 Dodging
 + Level 9.6 Shields


You had 9 spell levels left.
You didn't know any spells.
Your spell library contained the following spells:

 Spells                   Type           Power      Damage    Failure   Level
 Kiss of Death            Conj/Necr      0%         2d5       75%         1
 Summon Small Mammal      Summ           0%         N/A       75%         1
 Call Canine Familiar     Summ           0%         N/A       98%         3
 Confusing Touch          Hex            0%         N/A       98%         3
 Gell's Gravitas          Tloc           0%         N/A       98%         3
 Lesser Beckoning         Tloc           0%         N/A       98%         3
 Summon Guardian Golem    Hex/Summ       0%         N/A       98%         3
 Teleport Other           Tloc           0%         N/A       98%         3
 Dispel Undead            Necr           0%         3d6       100%        4


Dungeon Overview and Level Annotations

Branches:
Dungeon (12/15)            Temple (1/1) D:4           Sewer (visited)
   Lair: D:8-11         Orc: D:9-12

Altars:
Ashenzari
Cheibriados
Dithmenos
Elyvilon
Fedhas
Gozag
Hepliaklqana
Kikubaaqudgha
Makhleb
Nemelex Xobeh
Qazlal
Ru
Sif Muna
Trog
Uskayaw
Vehumet
Wu Jian
Xom
Yredelemnul
Zin
The Shining One

Shops:
D:4 :   D:5 !   D:6 *

Annotations:
D:7 2 transporters
D:12 Nessos


Innate Abilities, Weirdness & Mutations

You have a pair of horns on your head.
You reflexively headbutt those who attack you in melee.


Message History

Unknown command.
Unknown command.
u - 4 scrolls of teleportation (gained 1)
You open the door. You open the door.
There is an open door here.
You open the door.
Found a leather armour.
There is an open door here.
Nessos the Markscentaur comes into view.
Nessos shouts!
Nessos mumbles some strange words.
Nessos seems to speed up.
Nessos wields a +1 longbow of flaming.
It bursts into flame!
Nessos shoots an arrow.
The arrow hits you! The arrow burns you.
You are poisoned.
You feel very sick.
Nessos shoots an arrow.
The arrow barely misses you.
Nessos intently looks at you, slowly moving their tail.
Nessos shoots an arrow.
The arrow hits you! The arrow burns you.
You are more poisoned.
You feel very sick.
Nessos shoots an arrow.
The arrow hits you! The arrow burns you.
Nessos casts a spell.
Nessos blinks!
You feel very sick.
Nessos shoots an arrow.
You block the arrow.
Nessos shoots an arrow.
The arrow hits you!
* * * LOW HITPOINT WARNING * * *
The arrow burns you.
* * * LOW HITPOINT WARNING * * *
You feel very sick.
Nessos shoots an arrow.
You block the arrow.
Nessos shoots an arrow.
The arrow hits you!
* * * LOW HITPOINT WARNING * * *
The arrow burns you.
You are more poisoned.
* * * LOW HITPOINT WARNING * * *
You feel better.
Nessos shoots an arrow.
The arrow hits you!!
You die...

#..# ######'##
#........ ########+###
#....†††.
#.........[###........
#........c.#.'........
#..........'.#........
+..........###........
#....@.....# ##'######
#..........# #.#
######....## #.#
#..#### #.# ..... #..
....... ### ........
........#


You could see Nessos (fast).

Vanquished Creatures
  Gastronok (D:8)
  A manticore (D:8)
  A moth of wrath (D:3)
  A komodo dragon (D:12)
  Grinder (D:3)
  Prince Ribbit (D:8)
  5 yaks (D:12)
  2 wyverns
  A steam dragon (D:7)
  Edmund (D:4)
  A water moccasin (D:8)
  Pargi (Sewer)
  3 ice beasts
  4 sky beasts
  3 phantoms
  A kobold brigand (D:8)
  A bullfrog (D:8)
  2 gnoll sergeants
  2 necrophages
  3 scorpions
  6 wights
  2 howler monkeys
  4 hounds
  3 iron imps (D:7)
  A jelly (D:6)
  2 gnoll boudas (D:7)
  5 orc priests
  3 iguanas
  7 orc wizards
  27 gnolls
  6 adders
  A shadow imp (D:5)
  A white imp (D:7)
  3 ufetubi
  7 worms
  7 dart slugs
  36 orcs
  10 bats
  2 endoplasms
  2 giant cockroaches
  7 goblins
  8 hobgoblins
  13 jackals
  6 quokkas
  4 ball pythons
  6 frilled lizards
  14 kobolds
  12 rats
241 creatures vanquished.

Notes
Turn   | Place    | Note
-------+----------+-------------------------------------------
     0 | D:1      | Nuhine the Minotaur Fighter began the quest for the Orb.
     0 | D:1      | Reached XP level 1. HP: 19/19 MP: 0/0
    81 | D:1      | Reached XP level 2. HP: 27/27 MP: 1/1
   152 | D:1      | Reached skill level 1 in Dodging
   399 | D:1      | Reached XP level 3. HP: 33/33 MP: 2/2
   971 | D:2      | Reached XP level 4. HP: 30/40 MP: 3/3
  2020 | D:3      | Noticed a moth of wrath
  2022 | D:3      | Found a bloodstained altar of Trog.
  2032 | D:3      | Reached XP level 5. HP: 46/47 MP: 4/4
  2142 | D:3      | Noticed Grinder
  2153 | D:3      | Killed Grinder
  2154 | D:3      | Reached skill level 5 in Fighting
  2154 | D:3      | Reached skill level 5 in Armour
  2154 | D:3      | Reached skill level 5 in Shields
  2154 | D:3      | Reached XP level 6. HP: 24/56 MP: 5/5
  2668 | D:4      | Reached XP level 7. HP: 59/61 MP: 6/6
  2772 | D:4      | Noticed Edmund
  2784 | D:4      | Killed Edmund
  2993 | D:4      | Found a white marble altar of Elyvilon.
  3047 | D:4      | Reached skill level 5 in Axes
  3136 | D:4      | Found an ancient bone altar of Kikubaaqudgha.
  3245 | D:4      | Found Ful Vasi's Tremendous Tomes.
  3328 | D:4      | Found a staircase to the Ecumenical Temple.
  3348 | Temple   | Entered the Ecumenical Temple
  3759 | D:5      | Entered Level 5 of the Dungeon
  3816 | D:5      | Found Ykumotz's Distillery.
  3829 | D:5      | Reached XP level 8. HP: 58/70 MP: 7/7
  3852 | D:5      | Bought a potion of berserk rage for 50 gold pieces
  3852 | D:5      | Bought a potion of heal wounds for 50 gold pieces
  3852 | D:5      | Bought a potion of might for 40 gold pieces
  3985 | D:5      | Found a glowing drain.
  4004 | Sewer    | Entered a sewer
  4057 | Sewer    | Noticed Pargi
  4067 | Sewer    | Killed Pargi
  4430 | D:6      | Found Ubriogh's Lightly-Used Armoury.
  4505 | D:6      | Identified the +1 cloak of the Stopping Gods {rF+ Str-4
                  | Int+2}
  4571 | D:6      | Reached skill level 5 in Dodging
  4658 | D:6      | Identified the +3 chain mail of Loss {+Inv rN+++ Will+
                  | Int-4}
  4942 | D:5      | Reached XP level 9. HP: 78/79 MP: 8/8
  5993 | D:6      | Identified a scroll of acquirement
  5993 | D:6      | Acquired 654 gold pieces
  6241 | D:3      | Killed a moth of wrath
  6351 | D:5      | Bought 2 potions of resistance for 200 gold pieces
  6713 | D:7      | Found a transporter.
  6713 | D:7      | Found a transporter.
  6714 | D:7      | Noticed a two-headed ogre
  6899 | D:7      | Noticed a red ugly thing
  7257 | D:7      | Found a burning altar of Makhleb.
  7671 | D:7      | Identified the +1 pair of boots of the Black Moon {rN++}
  8063 | D:8      | Reached XP level 10. HP: 80/90 MP: 9/9
  8210 | D:8      | Noticed a manticore
  8219 | D:8      | Killed a manticore
  8446 | D:8      | Found a hazy altar of Hepliaklqana.
  8512 | D:8      | Noticed Prince Ribbit
  8523 | D:8      | Killed Prince Ribbit
  8773 | D:8      | Noticed Gastronok
  8781 | D:8      | Killed Gastronok
  9071 | D:9      | You fall into a shaft and drop 3 floors!
  9195 | D:12     | Noticed Nessos
  9199 | D:12     | HP: 4/91 [Nessos/arrow (5)]
  9200 | D:12     | Shot with an arrow by Nessos

Illustrated notes

Levels and vault maps discovered:
D:1:      dpeg_arrival_rhombus, layout_loops_cross, minmay_octomino_e4
D:2:      layout_basic
D:3:      layout_loops_cross, tgw_trog, uniq_grinder
D:4:      layout_loops_ring, elyvilon_altar_4, mainiacjoe_overflow_alcove_1,
          minmay_temple_entry_offerings, nicolae_shop_i_like_big_books,
          uniq_edmund
D:5:      layout_basic, cheibrodos_sewer_entry_sluice, serial_shops,
          nicolae_stop_n_shop_2
D:6:      layout_loops_ring, minmay_shop_damaged, lightli_orcish_oven
D:7:      gammafunk_the_bubble [the_bubble_gammafunk_split], layout_basic,
          demons_altar, nicolae_water_bricks
D:8:      layout_loops_corners, nzn_hepliaklqana_mist_gate, uniq_prince_ribbit1,
          uniq_gastronok
D:9:      layout_grid_maze, minmay_lair_entry_grove
D:12:     layout_roguey, serial_shops, nicolae_square_shop, uniq_jorgrun,
          uniq_frances, uniq_rupert, uniq_nessos
Temple:   eino_temple_scatter_basement

Skill      XL: |  1  2  3  4  5  6  7  8  9 10 |
---------------+-------------------------------+-----
Dodging        | 1 2 3 4 5 6 8 |  8.0
Shields        | 4 5 6 7 8 9 |  9.6
Fighting       | 4 5 6 7 8 9 |  9.6
Armour         | 4 5 6 7 8 9 |  9.6
Axes           | 3 4 5 6 8 9 |  9.2

Action                   |  1- 3 |  4- 6 |  7- 9 | 10-12 || total
-------------------------+-------+-------+-------+-------++-------
Melee: War axe           |    93 |   125 |   327 |    82 ||   627
       Headbutt          |     8 |    16 |    46 |    20 ||    90
Evoke: Wand              |       |       |     1 |       ||     1
  Use: Scroll            |     5 |     6 |     7 |       ||    18
       Potion            |       |       |     1 |     2 ||     3
Armor: Scale mail        |    47 |    64 |   130 |    31 ||   272
Dodge: Dodged            |    46 |    61 |   182 |    44 ||   333
Block: Buckler           |    23 |    30 |    85 |    21 ||   159

Table legend: (Time is in decaauts)
 A = Elapsed time spent in this place.
 B = Non-inter-level travel time spent in this place.
 C = Inter-level travel time spent in this place.
 D = Time resting spent in this place.
 E = Time spent auto-exploring this place.
 F = Levels seen in this place.
 G = Mean time per level.
                   A        B        C        D        E       F      G
               +--------+--------+--------+--------+--------+-----+--------+
         Total |   9383 |   8815 |    568 |     52 |   7053 |  12 |  781.9 |
       Dungeon |   9067 |   8513 |    554 |     52 |   6815 |  10 |  906.7 |
        Temple |    183 |    169 |     14 |      0 |    155 |   1 |  183.0 |
         Sewer |    132 |    132 |      0 |      0 |     83 |   1 |  132.0 |
               +--------+--------+--------+--------+--------+-----+--------+

Top non-repeatable levels by time:
     D:7: 1469 daAuts
     D:4: 1265 daAuts
     D:5: 1251 daAuts
     D:8: 1169 daAuts
     D:6: 1104 daAuts
     D:3: 1060 daAuts
     D:2: 814 daAuts
     D:1: 745 daAuts
  Temple: 183 daAuts
   Sewer: 132 daAuts
    D:12: 130 daAuts
     D:9: 57 daAuts
